AoeStats
← Nemesis

Arabia

508463069Analyzed
3v3 RM · 11d ago on Sep 22, 2026· 28m 58s· 6 players
Game mode
Random Map
Map size
Normal (6 player)
Population
200
Speed
Normal
Resources
Standard
Victory
Conquest
Starting age
Dark Age
Ending age
Imperial Age
RankedLock teamsTeams togetherTeam positionsShared explorationLock speedFull tech treeHidden civsTurbo modeCheats
Victory
Defeat
🇲🇽 Sicilians · Mexico
1209
+16
🇲🇰 Saracens · North Macedonia
1197
+16
🇫🇷 Mongols · France
1106
+20
🇦🇹 Italians · Austria
1213
-18
🇦🇹 Persians · Austria
1201
-17
🇦🇹 Saracens · Austria
1190
-17
Kayou
6:35 Loom
8:39 Feudal Age
10:19 Horse Collar
11:21 Double-Bit Axe
14:40 Scale Barding Armor
16:09 Gold Mining
21:09 Castle Age
19:37 Bloodlines
19:47 Fletching
20:15 Padded Archer Armor
21:34 Wheelbarrow
21:49 Bodkin Arrow
22:07 Bow Saw
22:20 Husbandry
22:44 Heavy Plow
25:14 Leather Archer Armor
26:50 Thumb Ring
28:49 Hand Cart
28:27 Town Watch
GUILLOTINA
7:18 Loom
10:10 Feudal Age
14:49 Castle Age
13:13 Scale Mail Armor
18:16 Chain Mail Armor
Illusion_ecs_crew
8:49 Feudal Age
9:39 Double-Bit Axe
10:39 Loom
12:12 Horse Collar
14:50 Fletching
19:54 Padded Archer Armor
23:45 Castle Age
23:46 Gold Mining
28:13 Imperial Age
25:38 Crossbowman
26:40 Bodkin Arrow
28:54 Bracer
Nemesis
5:49 Loom
8:49 Feudal Age
10:51 Fletching
15:33 Double-Bit Axe
16:59 Padded Archer Armor
16:41 Horse Collar
22:18 Castle Age
22:14 Gold Mining
23:15 Wheelbarrow
22:22 Crossbowman
23:02 Bodkin Arrow
24:02 Bow Saw
24:42 Ballistics
28:35 Thumb Ring
29:14 Hand Cart
29:38 Leather Archer Armor
Slim JD
9:14 Loom
11:23 Feudal Age
9:41 Loom
18:47 Castle Age
17:02 Double-Bit Axe
17:12 Horse Collar
18:46 Scale Barding Armor
21:09 Bloodlines
23:01 Chain Barding Armor
24:45 Bow Saw
24:38 Heavy Plow
25:09 Husbandry
28:01 Wheelbarrow
Salatsouce
7:38 Loom
12:14 Feudal Age
13:36 Double-Bit Axe
13:33 Horse Collar
24:48 Castle Age
25:52 Bow Saw
25:44 Heavy Plow
Connection lost

Rejoining the realm…

Still unreachable

The connection could not be restored.

Session expired

The server has moved on; the page needs a fresh start.